 Dungeon Crawl Stone Soup version 0.29-a0-284-gf9362112df (console) character file.

Game seed: 1268937577633543510

201415 jejorda2 the Warrior (level 18, 0/151 HPs)
             Began as a Merfolk Berserker on Mar 25, 2022.
             Was the Champion of Trog.
             Killed from afar by a shock serpent (18 damage)
             ... with a bolt of electricity
             ... on level 3 of the Snake Pit.
             The game lasted 02:15:54 (42118 turns).

jejorda2 the Warrior (Merfolk Berserker)           Turns: 42118, Time: 02:15:54

Health: 0/151      AC: 35    Str: 20    XL:     18   Next: 54%
Magic:  18/18      EV: 13    Int:  6    God:    Trog [******]
Gold:   2070       SH: 17    Dex: 21    Spells: 17/17 levels left

rFire   + . .      SeeInvis +   a - +10 double sword {flame, Fly rC+}
rCold   + + .      Faith    +   f - +2 kite shield {AC+3}
rNeg    . . .      Spirit   .   r - +7 chain mail of the Accordion {Slay+6 SInv}
rPois   +          Reflect  .   q - +2 helmet
rElec   .          Harm     .   B - scarf {rC+ rF+}
rCorr   +          Rampage  .   S - +2 pair of gloves
Will    ++...                   j - +2 pair of boots
Stlth   ..........              P - amulet of faith
HPRegen 0.35/turn               u - ring "Wynan" {rPois Will+ rCorr Str+2}
MPRegen 0.16/turn               L - +4 ring of protection

@: on berserk cooldown, flying, slowed, very slow
A: (nimble swimmer 2), mertail
}: 1/15 runes: decaying
a: Renounce Religion, Berserk, Trog's Hand, Brothers in Arms


You were on level 3 of the Snake Pit.
You worshipped Trog.
Trog was exalted by your worship.
You visited 5 branches of the dungeon, and saw 30 of its levels.
You visited 1 bazaar.
You also visited: Ossuary, Bailey, Gauntlet and Ice Cave.

You collected 3136 gold pieces.
You spent 1066 gold pieces at shops.

Inventory:

Hand Weapons
 a - the +10 double sword of Subterfuge (weapon) {flame, Fly rC+}
   (Trog gifted it to you on level 2 of the Orcish Mines)

   It burns those it strikes, dealing additional fire damage.
   Big, fiery blades are also staple armaments of hydra-hunters.
   rC:        It protects you from cold.
   Fly:       It grants you flight.
 b - the +10 dagger of Cergheor {flame, rElec}
   (You found it on level 4 of the Dungeon)

   It burns those it strikes, dealing additional fire damage.
   rElec:     It insulates you from electricity.
 w - the +9 short sword "Voyd" {vorpal, +Blink Str-4 SInv}
   (You found it on level 3 of the Lair of Beasts)

   It inflicts extra damage upon your enemies.
   Str:       It affects your strength (-4).
   SInv:      It lets you see invisible.
   +Blink:    It lets you blink.
Missiles
 h - 4 javelins
 t - 37 poisoned darts
 y - 916 stones
 D - 3 throwing nets
 F - 3 curare-tipped darts
 J - 24 boomerangs (quivered)
 Q - 13 silver javelins
Armour
 f - a +2 kite shield of protection (worn)
 j - a +2 pair of boots (worn)
 q - a +2 helmet (worn)
 r - the +7 chain mail of the Accordion (worn) {Slay+6 SInv}
   (You found it on level 3 of the Swamp)

   Slay:      It affects your accuracy & damage with ranged weapons and melee
   (+6).
   SInv:      It lets you see invisible.
 B - a scarf of resistance (worn)
 S - a +2 pair of gloves (worn)
Jewellery
 u - the ring "Wynan" (left hand) {rPois Will+ rCorr Str+2}
   (You found it on level 2 of the Swamp)

   [ring of resist corrosion]

   Str:       It affects your strength (+2).
   rPois:     It protects you from poison.
   rCorr:     It protects you from acid and corrosion.
   Will:      It increases your willpower.
 v - a ring of protection from fire
 L - a +4 ring of protection (right hand)
 P - an amulet of faith (around neck)
 T - the ring of Attitude {Fly rF+ Dex+2}
   (You found it in an ice cave)

   [ring of flight]

   Dex:       It affects your dexterity (+2).
   rF:        It protects you from fire.
   Fly:       It grants you flight.
Wands
 k - a wand of acid (6)
 l - a wand of polymorph (2)
 o - a wand of paralysis (9)
 p - a wand of flame (59)
 C - a wand of charming (20)
 E - a wand of digging (4)
 G - a wand of mindburst (6)
 I - a wand of iceblast (10)
Scrolls
 c - 10 scrolls of fog
 d - 6 scrolls of blinking
 H - a scroll of magic mapping
 N - 15 scrolls of teleportation
 O - a scroll of holy word
 R - 4 scrolls of fear
Potions
 e - 7 potions of haste
 g - 5 potions of resistance
 i - 10 potions of heal wounds
 m - 12 potions of curing
 n - 4 potions of cancellation
 s - 7 potions of might
 x - 5 potions of ambrosia
 A - 2 potions of invisibility
Miscellaneous
 z - a condenser vane
 K - a tin of tremorstones (2/2)


   Skills:
 - Level 16.0 Fighting
 - Level 6.3(11.9) Short Blades
 - Level 15.5(16.0) Long Blades
 - Level 16.0 Throwing
 + Level 9.3 Armour
 + Level 10.0 Dodging
 - Level 4.0 Stealth
 + Level 14.9 Shields
 * Level 6.2 Evocations


You had 17 spell levels left.
You didn't know any spells.
Your spell library was empty.

Dungeon Overview and Level Annotations

Branches:
Dungeon (15/15)            Temple (0/1) D:7            Lair (6/6) D:10
  Swamp (4/4) Lair:4        Snake (3/4) Lair:3        Slime (0/5) Lair:5
    Orc (2/2) D:12            Elf (0/3) Orc:2        Vaults (0/5) D:13
 Depths (0/4) D:15        Ossuary (visited)          Bailey (visited)
  IceCv (visited)         Gauntlet (visited)

Altars:
Cheibriados
Hepliaklqana
Nemelex Xobeh
Uskayaw
Vehumet
Wu Jian
Zin
Beogh
Jiyva

Shops:
D:1 =   D:5 !   Orc:2 !(?(   Snake:1 :*

Annotations:
Lair:1 3 runed translucent doors, pigah's ghost, journeyman OpAE
Lair:3 3 runed translucent doors, exclusion: 3 doors, ArthosElwyn's ghost, journeyman MiGl


Innate Abilities, Weirdness & Mutations

((You are very nimble when in or above water. (Stealth+, EV+, Speed+++)))
Your lower body shifts to a powerful aquatic tail in water.


Message History

* * * LOW HITPOINT WARNING * * *
You escape the naga's grasp.
The salamander attacks as you move away!
The salamander closely misses you.
You feel extremely sick. You block the naga warrior's attack. x2
The salamander wields a +4 shortbow of flaming.
It bursts into flame!
The salamander shoots an arrow.
The arrow barely misses you.
The naga warrior hits you with a +0 trident!
* * * LOW HITPOINT WARNING * * *
You block the naga warrior's attack.
Found a stone staircase leading up.
* * * LOW HITPOINT WARNING * * *
You feel very sick.
The naga mage casts a spell at the naga.
The naga seems to grow toxic.
The naga warrior hits you but does no damage.
Unknown command.
You feel better. The naga warrior spits poison at you.
The splash of poison misses you. The naga warrior closely misses you.
The salamander unwields a +4 shortbow of flaming.
It stops flaming.
The salamander completely misses you.
The salamander attacks as you move away!
The salamander hits you but does no damage.
The salamander no longer looks unusually strong.
The naga no longer looks unusually strong.
The naga mage no longer looks unusually strong.
The naga warrior spits poison at you.
The splash of poison hits you but does no damage.
You have difficulty breathing.
* * * LOW HITPOINT WARNING * * *
You feel as though you will be slow longer.
A black mamba and a shock serpent come into view.
Found a condenser vane.
The black mamba hisses angrily.
The shock serpent hisses angrily.
The shock serpent shoots out a bolt of lightning at you!
The bolt of electricity hits you!!
You die...

......## #......## .#
.### #.......##.# ....
#.....<..#.# ....
#..........# ..###
#[........## ......
#......^..# #....
#(..>)...N#######.......#
#.....# .........#
#....... ..........#
#...}.### ..........#
......# .......##.#
#.....# .....#. ..


You could see a naga warrior (curare), a salamander, a shock serpent, a black
mamba, a naga mage (fast, curare) and a naga (curare).

Vanquished Creatures
  A tentacled monstrosity (Swamp:4)
  Rupert (D:13)
  Gastronok (Lair:2)
  The ghost of Kacaoki the Warrior, an adept MiBe of Trog (Swamp:2)
  A thorn hunter (Swamp:4)
  A nagaraja (Snake:2)
  A very ugly thing (Swamp:4)
  A juggernaut zombie (D:15)
  2 eleionomae
  A minotaur (Gauntlet)
  4 dire elephants (Lair:6)
  A white draconian (IceCv)
  10 bunyips
  3 green deaths
  2 shambling mangroves (Swamp:3)
  6 naga warriors
  Erica (D:8)
  18 hydras
  Harold (Lair:1)
  A boulder beetle (D:13)
  2 ghost crabs (Swamp:2)
  An ogre mage (D:15)
  An anaconda (Snake:1)
  10 two-headed ogres
  Erolcha (Orc:1)
  4 centaur warriors
  9 alligators
  A catoblepas (D:15)
  12 death yaks
  3 orc high priests (Orc:2)
  A tengu warrior (D:15)
  A titan zombie (D:15)
  A thrashing horror (Swamp:3)
  2 naga sharpshooters (Snake:2)
  5 shock serpents
  Urug (Lair:2)
  Sonja (D:11)
  A spectral dire elephant (Lair:6)
  A spectral death yak (Lair:6)
  9 goliath frogs
  2 skeletal warriors (D:15)
  A deep troll (Lair:3)
  A spriggan druid (Swamp:4)
  A spectral anaconda (Lair:6)
  7 bog bodies
  A flayed ghost (D:14)
  A naga ritualist (Snake:2)
  7 swamp dragons
  Pikel (D:7)
  7 orc knights
  2 deep elf pyromancers
  A wizard (Gauntlet)
  2 lindwurms (Lair:6)
  5 necromancers
  An obsidian statue (Lair:6)
  2 salamanders
  10 mana vipers
  15 ugly things
  2 will-o-the-wisps (Swamp:2)
  3 orc sorcerers (Orc:2)
  4 cyclopes
  11 black mambas
  4 manticores
  A rust devil (Gauntlet)
  18 elephants
  7 naga magi
  Maurice (D:11)
  A guardian serpent (Snake:3)
  A fire giant skeleton (D:15)
  2 torpor snails
  3 ice statues
  13 cane toads
  3 orange demons
  A dire elephant skeleton (Lair:6)
  8 komodo dragons
  2 kobold demonologists
  3 tengu conjurers (D:14)
  5 rime drakes
  4 trolls
  11 hornets
  4 polar bears
  A bloated husk (Swamp:2)
  2 large abominations (Swamp:4)
  20 slime creatures
  8 tyrant leeches
  A tarantella (shapeshifter) (D:13)
  A spriggan zombie (D:15)
  7 blink frogs
  4 dream sheep (Lair:5)
  A dream sheep (shapeshifter) (D:13)
  3 spectral elephants (Lair:6)
  A shadow (Swamp:4)
  A ynoxinul (Gauntlet)
  A dire elephant simulacrum (Lair:6)
  A culicivora (D:12)
  8 spriggans
  3 wyverns
  2 wraiths
  3 steam dragons
  2 water elementals (D:14)
  46 yaks
  6 basilisks
  Eustachio (D:5)
  A death yak simulacrum (Lair:6)
  A basilisk (shapeshifter) (D:13)
  3 redbacks (D:12)
  11 swamp worms
  4 wargs
  10 nagas
  A small abomination (Swamp:3)
  17 water moccasins
  4 acid dragons
  2 hydra simulacra (Swamp:2)
  A swamp drake (Swamp:1)
  Pargi (D:3)
  A sky beast (D:7)
  24 orc warriors
  An ice beast (D:6)
  2 elephant zombies (Lair:6)
  2 black bears
  22 wolves
  7 boggarts (D:14)
  3 elephant skeletons (Lair:6)
  5 ogres
  A phantom (D:4)
  2 lemures (D:7)
  8 centaurs
  A kobold brigand (D:9)
  2 elf zombies (Ossuary)
  12 bullfrogs
  3 scorpions
  3 cane toad simulacra
  4 wights (D:6)
  2 lindwurm simulacra (IceCv)
  10 killer bees
  4 howler monkeys
  5 electric eels
  A lava snake (D:9)
  A hound (D:4)
  9 komodo dragon simulacra (IceCv)
  18 orc priests
  2 gnoll shamans
  3 human zombies (Ossuary)
  2 jellies
  4 iron imps (Gauntlet)
  Jessica (D:2)
  5 hell rats (Lair:5)
  2 iguanas
  25 orc wizards
  A troll simulacrum (Orc:1)
  2 polar bear simulacra (Orc:1)
  4 spriggan simulacra
  2 mummies (Ossuary)
  Robin (D:2)
  25 gnolls
  4 acid dragon simulacra (IceCv)
  11 adders
  3 shadow imps
  A white imp (Gauntlet)
  6 steam dragon simulacra (IceCv)
  An ufetubus (D:7)
  3 adder zombies (Ossuary)
  A worm (D:6)
  4 dart slugs
  117 orcs
  5 ball pythons
  5 endoplasms
  3 giant cockroaches
  16 goblins
  9 hobgoblins
  7 jackals
  13 kobolds
  6 quokkas
  5 bats
  A frilled lizard (D:3)
  A goblin zombie (Ossuary)
  6 hobgoblin zombies (Ossuary)
  2 jackal zombies (Ossuary)
  14 kobold zombies (Ossuary)
  6 orc zombies (Ossuary)
  A quokka zombie (D:4)
  5 rats
  A rat zombie (D:4)
972 creatures vanquished.

Vanquished Creatures (collateral kills)
  3 two-headed ogres (D:10)
  A catoblepas (Lair:5)
  Lodul (D:10)
  A bog body (Swamp:2)
  A cyclops (D:13)
  Maggie (D:10)
  A spectral death drake (Swamp:2)
  A komodo dragon (Lair:5)
  A spriggan simulacrum (Swamp:2)
  A death drake simulacrum (Swamp:2)
  2 ogres (D:10)
14 creatures vanquished.

Vanquished Creatures (others)
  An orange demon (Swamp:4)
  A bunyip simulacrum (Swamp:2)
  3 bloated husks
  A spriggan simulacrum (Swamp:2)
  A naga (Snake:3)
  An orc warrior (Orc:2)
  2 orc priests (Orc:2)
  75 bushes (Lair:6)
  6 foxfires (Swamp:2)
  38 fungi
  77 plants
  34 withered plants
240 creatures vanquished.

Grand Total: 1226 creatures vanquished

Notes
Turn   | Place    | Note
-------+----------+-------------------------------------------
     0 | D:1      | jejorda2 the Merfolk Berserker began the quest for the Orb.
     0 | D:1      | Reached XP level 1. HP: 18/18 MP: 1/1
   174 | D:1      | Reached XP level 2. HP: 18/24 MP: 2/2
   442 | D:1      | Reached ** piety under Trog
   535 | D:1      | Reached XP level 3. HP: 25/29 MP: 3/3
   711 | D:1      | Found a faded altar of an unknown god.
   910 | D:1      | Found Ycedal's Jewellery Shop.
  1175 | D:2      | Noticed Jessica
  1179 | D:2      | Killed Jessica
  1180 | D:2      | Reached XP level 4. HP: 36/37 MP: 4/4
  1482 | D:2      | Noticed Robin
  1499 | D:2      | Reached skill level 5 in Long Blades
  1507 | D:2      | Killed Robin
  2246 | D:3      | Reached XP level 5. HP: 25/42 MP: 5/5
  2616 | D:3      | Noticed Pargi
  2628 | D:3      | Killed Pargi
  2629 | D:3      | Reached XP level 6. HP: 49/49 MP: 6/6
  2740 | D:3      | Noticed a black bear
  2750 | D:3      | Killed a black bear
  2793 | D:3      | Reached *** piety under Trog
  3391 | D:4      | Reached skill level 5 in Fighting
  3465 | D:4      | Identified the +10 dagger of Cergheor {flame, rElec}
  3613 | D:4      | Reached XP level 7. HP: 56/56 MP: 7/7
  3615 | D:4      | Found a sand-covered staircase.
  3623 | Ossuary  | Entered an ossuary
  3701 | Ossuary  | Reached **** piety under Trog
  4466 | D:4      | Reached XP level 8. HP: 64/64 MP: 8/8
  4888 | D:5      | Entered Level 5 of the Dungeon
  4925 | D:5      | Found Nusus's Distillery.
  4933 | D:5      | Bought a potion of haste for 110 gold pieces
  4933 | D:5      | Bought a potion of heal wounds for 55 gold pieces
  5357 | D:5      | Found a sparkling altar of Nemelex Xobeh.
  5506 | D:5      | Noticed Eustachio
  5520 | D:5      | Killed Eustachio
  5764 | D:6      | Reached skill level 10 in Long Blades
  5838 | D:6      | Reached skill level 1 in Stealth
  6015 | D:6      | Reached skill level 1 in Short Blades
  6019 | D:6      | Reached ***** piety under Trog
  6020 | D:6      | Reached XP level 9. HP: 57/69 MP: 9/9
  6223 | D:6      | Found a hazy altar of Hepliaklqana.
  6280 | D:6      | Found a snail-covered altar of Cheibriados.
  6932 | D:7      | Found a glowing silver altar of Zin.
  6932 | D:7      | Found a radiant altar of Vehumet.
  7064 | D:7      | Found an ornate altar of the Wu Jian Council.
  7097 | D:7      | Found a staircase to the Ecumenical Temple.
  7099 | D:7      | Noticed Pikel
  7114 | D:7      | Killed Pikel
  7115 | D:7      | Reached skill level 5 in Armour
  7146 | D:7      | Found a flagged portal.
  7159 | Bailey   | Entered a bailey
  7310 | Bailey   | Noticed an orc knight
  7319 | Bailey   | Killed an orc knight
  7320 | Bailey   | Reached skill level 5 in Short Blades
  7325 | Bailey   | Reached XP level 10. HP: 61/75 MP: 10/10
  8525 | D:8      | Noticed a kobold demonologist
  8536 | D:8      | Noticed a soul eater
  8540 | D:8      | Killed a kobold demonologist
  8692 | D:8      | Noticed Erica
  8704 | D:8      | Killed Erica
  9108 | D:1      | Bought a ring of poison resistance for 220 gold pieces
  9775 | D:9      | Reached skill level 1 in Evocations
  9808 | D:9      | Reached XP level 11. HP: 53/83 MP: 11/11
 10058 | D:9      | Reached skill level 5 in Dodging
 10060 | D:9      | Received a gift from Trog
 10701 | D:10     | Entered Level 10 of the Dungeon
 11159 | D:10     | Noticed a two-headed ogre
 11170 | D:10     | Killed a two-headed ogre
 11204 | D:10     | Noticed a two-headed ogre
 11204 | D:10     | Noticed Lodul
 11204 | D:10     | Noticed a two-headed ogre
 11205 | D:10     | Noticed a two-headed ogre
 11206 | D:10     | Noticed a two-headed ogre
 11206 | D:10     | Noticed a two-headed ogre
 11207 | D:10     | Noticed Maggie
 11208 | D:10     | Noticed a two-headed ogre
 11210 | D:10     | Killed a two-headed ogre
 11211 | D:10     | Reached skill level 5 in Evocations
 11214 | D:10     | Killed a two-headed ogre
 11219 | D:10     | Killed a two-headed ogre
 11219 | D:10     | Killed a two-headed ogre
 11226 | D:10     | Killed a two-headed ogre
 11227 | D:10     | Reached XP level 12. HP: 32/95 MP: 12/12
 11228 | D:10     | Killed a two-headed ogre
 11231 | D:10     | Killed Lodul
 11232 | D:10     | Reached skill level 10 in Fighting
 11235 | D:10     | Killed Maggie
 11582 | D:10     | Noticed a two-headed ogre
 11592 | D:10     | Killed a two-headed ogre
 11761 | D:10     | Found a staircase to the Lair.
 11790 | Lair:1   | Entered Level 1 of the Lair of Beasts
 11939 | Lair:1   | Noticed Harold
 11951 | Lair:1   | Killed Harold
 12364 | Lair:1   | Noticed pigah's ghost (journeyman OpAE)
 12367 | Lair:1   | Noticed a minotaur
 12377 | Lair:1   | Found a runed translucent gate.
 12377 | Lair:1   | Found a runed translucent gate.
 12377 | Lair:1   | Found a runed translucent gate.
 12548 | Lair:1   | Reached skill level 1 in Shields
 13074 | Lair:2   | Noticed Urug
 13088 | Lair:2   | Killed Urug
 13652 | Lair:2   | Noticed Gastronok
 13669 | Lair:2   | Killed Gastronok
 13670 | Lair:2   | Reached skill level 5 in Shields
 14015 | Lair:3   | Found a staircase to the Snake Pit.
 14037 | Lair:3   | Identified the +9 short sword "Voyd" {vorpal, +Blink Str-4
                  | SInv}
 14531 | Lair:3   | Reached XP level 13. HP: 108/108 MP: 13/13
 14586 | Lair:3   | Reached XP level 14. HP: 115/115 MP: 14/14
 14599 | Lair:3   | Found a runed translucent gate.
 14599 | Lair:3   | Found a runed translucent gate.
 14599 | Lair:3   | Found a runed translucent gate.
 14601 | Lair:3   | Noticed ArthosElwyn's ghost (journeyman MiGl)
 14975 | Lair:4   | Reached skill level 10 in Shields
 14984 | Lair:4   | Found a gate leading to a gauntlet.
 14993 | Gauntlet | Entered a Gauntlet
 14993 | Gauntlet | Found a transporter.
 14993 | Gauntlet | Found a large runed translucent door.
 14993 | Gauntlet | Found a large runed translucent door.
 14993 | Gauntlet | Found a large runed translucent door.
 14993 | Gauntlet | Found a large runed translucent door.
 14993 | Gauntlet | Found a runed translucent door.
 14993 | Gauntlet | Found a runed translucent door.
 14993 | Gauntlet | Found a large runed translucent door.
 14993 | Gauntlet | Found a large runed translucent door.
 14993 | Gauntlet | Found a large runed translucent door.
 14993 | Gauntlet | Found a large runed translucent door.
 14993 | Gauntlet | Found a large runed translucent door.
 14993 | Gauntlet | Found a large runed translucent door.
 15030 | Gauntlet | Found a large runed translucent door.
 15030 | Gauntlet | Found a large runed translucent door.
 15043 | Gauntlet | Found a transporter.
 15053 | Gauntlet | Found a transporter.
 15058 | Gauntlet | Found a transporter.
 15073 | Gauntlet | Found a transporter.
 15092 | Gauntlet | Found a transporter.
 15093 | Gauntlet | Noticed a dire elephant
 15104 | Gauntlet | Found a transporter.
 15116 | Gauntlet | Found a transporter.
 15128 | Gauntlet | Found a transporter.
 15140 | Gauntlet | Found a transporter.
 15157 | Gauntlet | Found a transporter.
 15157 | Gauntlet | Found a transporter.
 15177 | Gauntlet | Found a transporter.
 15197 | Gauntlet | Found a transporter.
 15219 | Gauntlet | Found a transporter.
 15296 | Gauntlet | Found a transporter.
 15315 | Gauntlet | Found a large runed translucent door.
 15316 | Gauntlet | Found a large runed translucent door.
 15320 | Gauntlet | Found a runed translucent gate.
 15320 | Gauntlet | Found a runed translucent gate.
 15320 | Gauntlet | Found a runed translucent gate.
 15322 | Gauntlet | Found a transporter.
 15324 | Gauntlet | Found a transporter.
 15330 | Gauntlet | Found a large runed translucent door.
 15331 | Gauntlet | Found a large runed translucent door.
 15517 | Gauntlet | Identified the +2 cloak of Meath {Str+2 Stlth+}
 15572 | Gauntlet | Identified the ring of Abaqam {Wiz rC+ rN+ Int+4}
 16353 | Lair:4   | Found a staircase to the Swamp.
 16403 | Lair:4   | Received a gift from Trog
 17275 | Lair:5   | Reached skill level 1 in Throwing
 17965 | Lair:5   | Found a viscous altar of Jiyva.
 17966 | Lair:5   | Found a staircase to the Slime Pits.
 18525 | Lair:5   | Reached skill level 5 in Throwing
 18815 | Lair:6   | Entered Level 6 of the Lair of Beasts
 19757 | Lair:6   | Reached XP level 15. HP: 119/123 MP: 15/15
 21112 | Lair:6   | Identified the +8 great sword of Imminent Death {vorpal,
                  | rF+ rC+ rCorr Dex-2} (Trog gifted it to you on level 6 of
                  | the Lair of Beasts)
 21112 | Lair:6   | Received a gift from Trog
 21381 | Lair:6   | Reached skill level 10 in Throwing
 22815 | D:11     | Noticed Maurice
 22850 | D:11     | Killed Maurice
 22951 | D:11     | Noticed Sonja
 22964 | D:11     | Killed Sonja
 23294 | D:11     | Received a gift from Trog
 23702 | D:12     | Found a staircase to the Orcish Mines.
 24045 | D:13     | Noticed Rupert
 24064 | D:13     | Killed Rupert
 24069 | D:13     | Reached XP level 16. HP: 134/134 MP: 16/16
 24204 | D:13     | Found a hide-covered altar of Uskayaw.
 24283 | D:13     | Reached skill level 15 in Fighting
 25028 | D:13     | Found a gate to the Vaults.
 25450 | D:14     | Received a gift from Trog
 26664 | D:15     | Entered Level 15 of the Dungeon
 28559 | D:15     | Found a staircase to the Depths.
 29080 | Orc:1    | Entered Level 1 of the Orcish Mines
 29080 | Orc:1    | Found a frozen archway.
 29117 | IceCv    | Entered an ice cave
 29671 | IceCv    | Identified the ring of Attitude {Fly rF+ Dex+2}
 29935 | Orc:1    | Noticed Erolcha
 29942 | Orc:1    | Killed Erolcha
 30255 | Orc:2    | Entered Level 2 of the Orcish Mines
 30515 | Orc:2    | Reached ****** piety under Trog
 31021 | Orc:2    | Found a staircase to the Elven Halls.
 32489 | Orc:2    | Identified the +10 double sword of Subterfuge {flame, Fly
                  | rC+} (Trog gifted it to you on level 2 of the Orcish Mines)
 32489 | Orc:2    | Received a gift from Trog
 32494 | Orc:2    | Found Hotugiom's Antique Weapon Emporium.
 32494 | Orc:2    | Found Niralos's Distillery.
 32498 | Orc:2    | Found Icheast's Magic Scroll Boutique.
 32498 | Orc:2    | Found Heennaiffi's Antique Weapon Emporium.
 32883 | Swamp:1  | Entered Level 1 of the Swamp
 33342 | Swamp:1  | Reached XP level 17. HP: 106/142 MP: 17/17
 34715 | Swamp:2  | Reached skill level 15 in Long Blades
 34921 | Swamp:2  | Found a transporter.
 34924 | Swamp:2  | Noticed Kacaoki's ghost (adept MiBe)
 34925 | Swamp:2  | Found a transporter.
 35063 | Swamp:2  | You are sucked into a shaft and drop 1 floor!
 35115 | Swamp:3  | Identified the +7 chain mail of the Accordion {Slay+6 SInv}
 35138 | Swamp:3  | Received a gift from Trog
 35555 | Swamp:3  | Identified the +1 robe of Heresy {rElec SInv}
 36052 | Swamp:4  | Entered Level 4 of the Swamp
 36663 | Swamp:2  | Killed Kacaoki's ghost
 36684 | Swamp:2  | Identified the ring "Wynan" {rPois Will+ rCorr Str+2}
 37471 | Swamp:3  | Identified the +7 scimitar of the Inferno {vorpal, rElec
                  | Int-5 Dex+10} (Trog gifted it to you on level 3 of the
                  | Swamp)
 37471 | Swamp:3  | Received a gift from Trog
 37987 | Swamp:4  | Noticed a tentacled monstrosity
 37998 | Swamp:4  | Killed a tentacled monstrosity
 37999 | Swamp:4  | Reached skill level 15 in Throwing
 38001 | Swamp:4  | Reached XP level 18. HP: 151/151 MP: 18/18
 38598 | Swamp:4  | Got a decaying rune of Zot
 38817 | Snake:1  | Entered Level 1 of the Snake Pit
 39694 | Snake:1  | Received a gift from Trog
 39919 | Snake:1  | Found Seginkoce's Book Emporium.
 39924 | Snake:1  | Found Ovurch's Assorted Antiques.
 40767 | Snake:2  | Found a flickering gateway to a bazaar.
 40775 | Bazaar   | Entered a bazaar
 40775 | Bazaar   | Found Feviopihi's Magic Scroll Boutique.
 40775 | Bazaar   | Found Cepheon's Jewellery Boutique.
 40949 | Bazaar   | Found Pommi's Assorted Antiques.
 40965 | Bazaar   | Found Jazell's Magic Scroll Boutique.
 41003 | Bazaar   | Found Diwinen's Book Emporium.
 41027 | Bazaar   | Bought an onyx ring for 125 gold pieces
 41027 | Bazaar   | Bought a scroll of enchant armour for 187 gold pieces
 41043 | Bazaar   | Bought a scroll of fear for 42 gold pieces
 41043 | Bazaar   | Bought a scroll of blinking for 90 gold pieces
 41043 | Bazaar   | Bought a scroll of magic mapping for 42 gold pieces
 41043 | Bazaar   | Bought a scroll of blinking for 90 gold pieces
 41084 | Bazaar   | Bought a scroll of enchant weapon for 105 gold pieces
 41722 | Snake:2  | Reached skill level 10 in Dodging
 42118 | Snake:3  | Killed from afar by a shock serpent

Illustrated notes

Levels and vault maps discovered:
D:1:      amcnicky_arrival_flooded_fountain, layout_loops_ring, serial_shops,
          nicolae_shop_hallway_plus, nicolae_ecumenical_snake_handling,
          minmay_pentomino_t4
D:2:      layout_basic, uniq_robin, uniq_jessica
D:3:      layout_loops_corners, uniq_pargi
D:4:      layout_layer_cave, enter_ossuary_4
D:5:      layout_loops_ring, nemelex_spade_bored_becter, serial_shops,
          nicolae_square_shop, nrook_uturn, uniq_eustachio
D:6:      layout_basic, cheibrodos_worm_habitat, marbit_many_paths, st_stairs_4
D:7:      layout_basic, gammafunk_temple_overflow_statue,
          nzn_wu_jian_contemplation, minmay_temple_entry_butterflies,
          enter_bailey_4, uniq_pikel
D:8:      layout_rooms, uniq_erica
D:9:      layout_rooms, serial_rivers, chequers_serial_rivers_micro_e,
          chequers_serial_rivers_room_a, chequers_serial_rivers_room_b,
          chequers_serial_rivers_large_a, chequers_serial_rivers_small_3,
          chequers_serial_rivers_micro_b, eino_small_chamber_without_monster,
          kennysheep_pointless_box, st_stairs_4
D:10:     minmay_statue_hallways, layout_long_grid, lair_entry_dummy,
          uniq_lodul, uniq_maggie
D:11:     layout_small_grid, kennysheep_minor_cross, serial_bayou_lagoon_a,
          uniq_sonja, uniq_maurice
D:12:     layout_cross, hiddenorc1_lemuel
D:13:     layout_irregular_city, david_vaults_2, dancing_weapons_uskayaw,
          uniq_rupert
D:14:     layout_irregular_city, minmay_crystal_water
D:15:     gammafunk_depths_entry_grave, layout_cave_pools
Lair:1:   layout_loops_ring, maelrawn_ghost_gauntlet_escape,
          serial_bayou_shore_b, uniq_harold
Lair:2:   layout_chaotic_city, serial_bayou_shore_a, uniq_urug, uniq_gastronok
Lair:3:   dreamdust_cave_troll, layout_hall_layers, dummy_snake_entry,
          gammafunk_ghost_split, serial_rivers, chequers_serial_rivers_large_b,
          chequers_serial_rivers_micro_b, chequers_serial_rivers_room_b,
          chequers_serial_rivers_room_b, chequers_serial_rivers_micro_c,
          chequers_serial_rivers_marsh
Lair:4:   layout_regular_city, swamp_mist, enter_volcano_1,
          gauntlet_entry_generic
Lair:5:   layout_cave_pods, dpeg_slime_entry_enclosed_altar, disabler_island,
          lemuel_fruit_fields, grunt_megastairs_3, infiniplex_staircase_pool_2
Lair:6:   due_jungle_book, layout_concentric_octagons, fungi_pond_lemuel,
          minmay_hedge_maze, cheibrodos_lair_lostbears, lemuel_fruit_fields
Swamp:1:  layout_basic_swamp, nicolae_swamp_triple_paths
Swamp:2:  layout_basic_swamp, gammafunk_ghost_mausoleum,
          evilmike_swamp_ruin_house_1, swamp_pool1
Swamp:3:  layout_basic_swamp, evilmike_swamp_ruin_house_3, swamp_pool2,
          nicolae_swamp_frolicking_bunyips
Swamp:4:  swamp_vile, layout_basic_swamp
Snake:1:  cheibrodos_forgotten_conduit, layout_chambers, minmay_shop_star
Snake:2:  layout_chambers, serial_shops, bzr_entry_water
Snake:3:  layout_rooms, nrook_loot_triangle
Orc:1:    layout_diamond_mine, portal_ice_cave_entry_ice_simulacra, uniq_erolcha
Orc:2:    grunt_orc_tribal_feast, layout_caves, basic_altar, mines2_david

Skill      XL: |  1  2  3  4  5  6  7  8  9 10 11 12 13 14 15 16 17 18 |
---------------+-------------------------------------------------------+-----
Long Blades    | 4 5 6 7 8 10 11 13 15 | 15.5
Armour         | 2 3 4 5 6 9 |  9.3
Fighting       | 4 5 6 9 12 13 14 15 16 | 16.0
Stealth        | 2 4 |  4.0
Short Blades   | 1 5 6 |  6.3
Dodging        | 4 9 10 | 10.0
Evocations     | 2 6 |  6.2
Shields        | 5 9 10 13 14 | 14.9
Throwing       | 7 11 12 15 16 | 16.0

Action                   |  1- 3 |  4- 6 |  7- 9 | 10-12 | 13-15 | 16-18 || total
-------------------------+-------+-------+-------+-------+-------+-------++-------
Melee: Falchion          |   105 |   176 |       |       |       |       ||   281
       Dagger            |       |    11 |   340 |   125 |    24 |    46 ||   546
       Punch             |       |     1 |     1 |    11 |       |       ||    13
       Scimitar          |       |       |       |   112 |    41 |     6 ||   159
       Tailslap          |       |       |       |     3 |     3 |     6 ||    12
       Demon blade       |       |       |       |   335 |  1185 |   819 ||  2339
       Double sword      |       |       |       |       |       |   687 ||   687
       Short sword       |       |       |       |       |       |     5 ||     5
Throw: Stone             |       |     7 |    15 |    27 |    79 |     6 ||   134
       Throwing net      |       |       |       |       |     3 |     1 ||     4
       Dart              |       |       |       |       |       |    52 ||    52
       Boomerang         |       |       |       |       |       |    39 ||    39
       Javelin           |       |       |       |       |       |     3 ||     3
Invok: Berserk           |       |     3 |     3 |    10 |    12 |    16 ||    44
       Trog's Hand       |       |       |     1 |     2 |     7 |     4 ||    14
       Brothers in Arms  |       |       |       |     3 |     2 |     2 ||     7
Evoke: Wand              |       |       |       |       |     1 |       ||     1
       Tin of tremorston |       |       |       |       |     1 |       ||     1
  Use: Scroll            |       |     8 |     9 |     9 |     4 |     4 ||    34
       Potion            |       |       |       |     1 |     1 |     1 ||     3
 Stab: Sleeping          |       |       |    10 |     5 |       |       ||    15
       Held in net/web   |       |       |       |       |       |     1 ||     1
       Distracted        |       |       |       |       |       |     2 ||     2
Armor: Ring mail         |    36 |    65 |       |       |       |       ||   101
       Animal skin       |     1 |       |       |       |       |       ||     1
       Troll leather arm |       |    22 |    81 |     4 |       |       ||   107
       Plate armour      |       |       |       |   228 |   551 |   417 ||  1196
       Chain mail        |       |       |       |       |       |   241 ||   241
Dodge: Dodged            |    68 |   107 |   154 |   140 |   372 |   468 ||  1309
Block: Buckler           |       |       |       |     9 |   301 |    52 ||   362
       Kite shield       |       |       |       |       |       |   771 ||   771

Table legend: (Time is in decaauts)
 A = Elapsed time spent in this place.
 B = Non-inter-level travel time spent in this place.
 C = Inter-level travel time spent in this place.
 D = Time resting spent in this place.
 E = Time spent auto-exploring this place.
 F = Levels seen in this place.
 G = Mean time per level.
                   A        B        C        D        E       F      G
               +--------+--------+--------+--------+--------+-----+--------+
         Total |  40857 |  38713 |   2144 |   4635 |  26517 |  35 | 1167.3 |
       Dungeon |  17783 |  16692 |   1091 |   1546 |  12258 |  15 | 1185.5 |
          Lair |   9613 |   9068 |    545 |   1068 |   6420 |   6 | 1602.2 |
         Swamp |   5210 |   4969 |    241 |    920 |   3134 |   4 | 1302.5 |
     Snake Pit |   2922 |   2780 |    142 |     73 |   2045 |   3 |  974.0 |
  Orcish Mines |   2916 |   2793 |    123 |    859 |   1284 |   2 | 1458.0 |
        Bazaar |    327 |    327 |      0 |      0 |    231 |   1 |  327.0 |
       Ossuary |    251 |    251 |      0 |      0 |     93 |   1 |  251.0 |
        Bailey |    301 |    301 |      0 |     14 |    153 |   1 |  301.0 |
      Ice Cave |    603 |    603 |      0 |     83 |    269 |   1 |  603.0 |
      Gauntlet |    928 |    928 |      0 |     70 |    628 |   1 |  928.0 |
               +--------+--------+--------+--------+--------+-----+--------+

Top non-repeatable levels by time:
  Lair:6: 2740 daAuts
    D:14: 2461 daAuts
  Lair:5: 2109 daAuts
 Swamp:3: 1965 daAuts
 Snake:1: 1533 daAuts
  Lair:4: 1514 daAuts
   Orc:1: 1507 daAuts
   Orc:2: 1409 daAuts
     D:9: 1365 daAuts
 Snake:2: 1346 daAuts
     D:3: 1325 daAuts
    D:15: 1300 daAuts
     D:4: 1293 daAuts
     D:6: 1283 daAuts
  Lair:1: 1246 daAuts
